 Dungeon Crawl Stone Soup version 0.22.1-1-ga44c0e56f4 (webtiles) character file.

79 Kristenmann the Stinger (level 4, 0/27 HPs)
             Began as an Octopode Venom Mage on Oct 6, 2018.
             Slain by an orc (4 damage)
             ... on level 3 of the Dungeon.
             The game lasted 00:19:17 (2876 turns).

Kristenmann the Stinger (Octopode Venom Mage)       Turns: 2876, Time: 00:19:17

Health: 0/27       AC:  2    Str:  7    XL:     4   Next: 38%
Magic:  0/8        EV: 13    Int: 18    God:
Gold:   203        SH:  0    Dex: 14    Spells: 7/8 levels left

rFire    . . .     SeeInvis .   (no weapon)
rCold    . . .     Gourm    .   (no shield)
rNeg     . . .     Faith    .   m - +1 hat
rPois    .         Spirit   .   (no amulet)
rElec    .         Reflect  .   i - +2 ring of dexterity
rCorr    .         Harm     .   (no ring)
MR       .....                  (no ring)
Stlth    +++.......             (no ring)
HPRegen  0.09/turn              (no ring)
MPRegen  0.11/turn              (no ring)
                                (no ring)
                                (no ring)

@: no status effects
A: almost no armour, stealthy swim, amphibious, 8 rings, constrict 8, camouflage
1, gelatinous body 1
a: no special abilities


You were on level 3 of the Dungeon.
You were not hungry.

You visited 1 branch of the dungeon, and saw 3 of its levels.

You collected 203 gold pieces.

Inventory:

Hand Weapons
 o - a +0 blowgun
Missiles
 p - 5 poisoned needles
Armour
 j - a +0 robe
 l - a +0 centaur barding
 m - a +1 hat (worn)
Jewellery
 i - a +2 ring of dexterity (left tentacle)
Scrolls
 a - 2 scrolls of remove curse {unknown}
 c - a scroll of immolation {unknown}
 h - 3 scrolls of identify
 k - 2 scrolls of teleportation {unknown}
 n - a scroll of enchant armour {unknown}
 q - a scroll of fog {unknown}
Potions
 d - a potion of cancellation {unknown}
 e - 2 potions of brilliance {unknown}
 f - a potion of haste {unknown}
 g - a potion of curing {unknown}
 r - a potion of mutation {unknown}
 s - 2 potions of might {unknown}
Comestibles
 b - 7 rations


   Skills:
 + Level 0.1 Fighting
 + Level 2.2 Dodging
 + Level 2.9 Stealth
 + Level 2.6 Spellcasting
 + Level 1.9 Conjurations
 + Level 4.8 Poison Magic


You had 7 spell levels left.
You knew the following spells:

 Your Spells              Type           Power        Failure   Level  Hunger
a - Sting                 Conj/Pois      ##..         4%          1    #......

Your spell library contained the following spells:

 Spells                   Type           Power        Failure   Level  Hunger
 Magic Dart               Conj           #...         8%          1    #......
 Poisonous Vapours        Pois/Air       ##....       10%         2    ##.....
 Searing Ray              Conj           #.....       12%         2    ##.....
 Mephitic Cloud           Conj/Pois/Air  ##......     21%         3    ###....
 Olgreb's Toxic Radiance  Pois           ###.....     22%         4    #####..
 Dazzling Spray           Conj/Hex       #.....       34%         3    ###....
 Iskenderun's Mystic Bla  Conj           #.......     58%         4    #####..
 Force Lance              Conj/Tloc      #.......     75%         4    #####..
 Fulminant Prism          Conj/Hex       #.........   75%         4    #####..
 Venom Bolt               Conj/Pois      ##........   75%         5    ######.


Dungeon Overview and Level Annotations

Branches:
Dungeon (3/15)

Altars:


Innate Abilities, Weirdness & Mutations

You cannot wear most types of armour.
You are very stealthy in the water. (Stealth+)
You are amphibious.
You can wear up to eight rings at the same time.
You can use your tentacles to constrict eight enemies at once.
Your skin changes colour to match your surroundings (Stealth+).
Your rubbery body absorbs attacks. (AC +1, EV +1)


Message History

The sting hits the orc.
The orc appears unharmed.
The orc hits you.
Casting: Sting (safe; 4% risk of failure)
Confirm with . or Enter, or press ? or * to list all spells.
Aiming: Sting (safe; 4% risk of failure)
Press: ? - help, Shift-Dir - straight line, f/p - orc
Aim: an orc, wearing a scale mail The sting hits the orc.
The orc appears unharmed.
The orc hits you.
A quokka comes into view.
Found a bubbling grey potion.
Casting: Sting (safe; 4% risk of failure)
Confirm with . or Enter, or press ? or * to list all spells.
Aiming: Sting (safe; 4% risk of failure)
Press: ? - help, Shift-Dir - straight line, f/p - orc
Aim: an orc, wearing a scale mail The sting hits the orc.
The orc appears unharmed.
The orc hits you.
* * * LOW HITPOINT WARNING * * *
You barely miss the orc. You grab the orc.
You constrict the orc, but do no damage.
The orc hits you.
You die...

#)# #<.#
#.#######..#
#.)....)...#
########...# ..
#.......# .#
#.####..#######
.# #.#
#........#
.#.#.#
#.######o#
.#.#.# #.# #@#
...#.# #.# #.#
.###.# #.# #.#
.....# #.# #!#
#########.# #r#
#..[.o...# #.#
##o######## #.#
o......... #.#
##.#######


You could see an orc and a quokka (sleeping).

Vanquished Creatures
  An ooze (D:1)
  A worm (D:2)
  3 dart slugs
  2 leopard geckos (D:1)
  3 orcs (D:3)
  7 bats
  2 giant cockroaches (D:1)
  8 goblins
  6 hobgoblins
  12 kobolds
  A quokka (D:2)
  3 frilled lizards
  10 rats
59 creatures vanquished.

Notes
Turn   | Place    | Note
-------+----------+-------------------------------------------
     0 | D:1      | Kristenmann the Octopode Venom Mage began the quest for the
                  | Orb.
     0 | D:1      | Reached XP level 1. HP: 11/11 MP: 3/3
   206 | D:1      | Reached skill level 4 in Poison Magic
   216 | D:1      | Reached XP level 2. HP: 17/17 MP: 0/5
   564 | D:1      | Reached XP level 3. HP: 12/21 MP: 0/6
  2250 | D:2      | Reached XP level 4. HP: 26/27 MP: 3/7
  2876 | D:3      | Slain by an orc

Skill      XL: |  1 |
---------------+----+-----
Poison Magic   | 4 |  4.8
Fighting       | |  0.1
Dodging        | |  2.2
Stealth        | |  2.9
Spellcasting   | |  2.6
Conjurations   | |  1.9

Action                   |  1- 3 |  4- 6 || total
-------------------------+-------+-------++-------
Melee: Unarmed           |    15 |     5 ||    20
       Constrict         |     3 |     3 ||     6
 Cast: Sting             |   103 |    50 ||   153
  Use: Scroll            |     1 |       ||     1
  Eat: Ration            |     1 |     1 ||     2
       Chunk             |     1 |       ||     1
Armor: Skin              |     4 |     2 ||     6
Dodge: Dodged            |    37 |    21 ||    58
